[ AOE2 MATCH · #457075868 ]
UnrankedDravidians vs Persians
[ REPLAY ANALYSIS · EXTRACTED FROM THE RECORDED GAME ]
Feudal
—
Castle
—
Imperial
—
| APM avg | 9.6 |
| APM peak | 23 |
| eAPM avg | 7.1 |
| Villagers / military | 56 / 136 |
Focus
⚔️ 33.0% · 🌾 67.0%
Militia ×68 · Spearman ×68 · Trade Cart ×3
Feudal
15:39
Castle
23:43
Imperial
35:40
| APM avg | 12.4 |
| APM peak | 36 |
| eAPM avg | 6.2 |
| Villagers / military | 71 / 41 |
Focus
⚔️ 22.4% · 🌾 77.6%
Archer ×33 · Trade Cart ×4 · Knight ×3 · Bombard Cannon ×2 · Trebuchet (Packed) ×2 · Scout Cavalry ×1
Feudal
—
Castle
—
Imperial
—
| APM avg | 7.6 |
| APM peak | 41 |
| eAPM avg | 4.3 |
| Villagers / military | 62 / 13 |
Focus
⚔️ 14.6% · 🌾 85.4%
Bolas Rider ×10 · Spearman ×3
Feudal
16:39
Castle
25:59
Imperial
39:28
| APM avg | 19.0 |
| APM peak | 408 |
| eAPM avg | 18.2 |
| Villagers / military | 95 / 117 |
Focus
⚔️ 59.3% · 🌾 40.7%
Ballista Elephant ×75 · Scorpion ×41 · Trade Cart ×6 · Monk ×1
Feudal
—
Castle
—
Imperial
—
| APM avg | 7.3 |
| APM peak | 18 |
| eAPM avg | 5.4 |
| Villagers / military | 44 / 127 |
Focus
⚔️ 44.4% · 🌾 55.6%
Serjeant ×84 · Spearman ×36 · Trade Cart ×18 · Battering Ram ×7
Feudal
—
Castle
—
Imperial
—
| APM avg | 14.9 |
| APM peak | 59 |
| eAPM avg | 9.7 |
| Villagers / military | 113 / 130 |
Focus
⚔️ 28.3% · 🌾 71.7%
Fire Lancer ×58 · Skirmisher ×43 · War Wagon ×18 · Hand Cannoneer ×10 · Scout Cavalry ×1
Feudal
15:49
Castle
26:58
Imperial
42:00
| APM avg | 19.9 |
| APM peak | 40 |
| eAPM avg | 12.9 |
| Villagers / military | 108 / 130 |
Focus
⚔️ 20.7% · 🌾 79.3%
Scorpion ×44 · Ballista Elephant ×44 · Scout Cavalry ×36 · Spearman ×6 · Trade Cart ×6
Feudal
—
Castle
—
Imperial
—
| APM avg | 13.9 |
| APM peak | 104 |
| eAPM avg | 11.9 |
| Villagers / military | 79 / 2 |
Focus
⚔️ 4.5% · 🌾 95.5%
Trade Cart ×12 · Monk ×2
Match map
Initial resources + every placement click. Lines = walls · curves = elevation contours. ◆ gold · ⬟ stone · ● berries · ✦ relic · ◌ wall gap
Your base· Open — 7t gap
yabin.belrojo's base· Open — 9t gap
Sweaty Shrooms's base· Open — 7t gap
anon's base· Open — unwalled flank
TOBOT2000's base· Open — unwalled flank
pepebravo99's base· Open — 13t gap
l3141516's base· Open — 3t gap
Jamez OP's base· Open — unwalled flank
Smoothed initial terrain · ◌ = detected wall gap · hover for details
Inputs per minute
— MikeSchneider18 - - yabin.belrojo
Build order — MikeSchneider18
First 150 of 219 actions detected
| 1:28 | Build | Town Center |
| 2:10 | Build | House |
| 2:14 | Build | House |
| 2:28 | Build | Outpost |
| 2:32 | Build | House |
| 2:49 | Build | Lumber Camp |
| 3:51 | Create | Villager (Male) ×4 |
| 3:52 | Research | Loom |
| 5:23 | Create | Villager (Male) |
| 5:57 | Create | Villager (Male) |
| 6:33 | Create | Villager (Male) |
| 7:07 | Create | Villager (Male) |
| 8:12 | Create | Villager (Male) |
| 8:12 | Create | Villager (Male) |
| 8:12 | Create | Villager (Male) |
| 9:00 | Build | Mill |
| 9:16 | Create | Villager (Male) |
| 9:16 | Create | Villager (Male) |
| 10:13 | Create | Villager (Male) |
| 10:14 | Create | Villager (Male) |
| 10:31 | Create | Villager (Male) |
| 10:31 | Create | Villager (Male) |
| 11:09 | Build | House |
| 11:14 | Build | House |
| 11:16 | Build | House |
| 11:21 | Build | House |
| 11:34 | Create | Villager (Male) |
| 11:57 | Build | Outpost |
| 12:09 | Build | Outpost |
| 12:21 | Create | Villager (Male) |
| 12:40 | Create | Villager (Male) |
| 12:40 | Create | Villager (Male) |
| 13:33 | Research | Feudal Age |
| 14:07 | Create | Villager (Male) |
| 14:08 | Create | Villager (Male) |
| 14:52 | Create | Villager (Male) |
| 15:39 | Create | Villager (Male) |
| 15:39 | Create | Villager (Male) |
| 15:41 | Create | Villager (Male) |
| 15:49 | Research | Horse Collar |
| 15:58 | Research | Double-Bit Axe |
| 16:23 | Build | Barracks |
| 16:26 | Build | Barracks |
| 16:32 | Build | House |
| 16:33 | Build | House |
| 16:40 | Build | House |
| 16:46 | Build | Blacksmith |
| 17:13 | Build | Mining Camp |
| 17:31 | Build | Gate |
| 17:51 | Build | Gate |
| 17:57 | Build | Stone Wall |
| 18:09 | Research | Wheelbarrow |
| 18:11 | Research | Town Watch |
| 18:12 | Create | Villager (Male) |
| 18:12 | Create | Villager (Male) |
| 18:12 | Create | Villager (Male) |
| 19:32 | Create | Villager (Male) |
| 19:54 | Build | House |
| 20:08 | Build | Market |
| 20:17 | Build | Lumber Camp |
| 20:41 | Build | Mining Camp |
| 20:43 | Research | Castle Age |
| 21:10 | Build | Gate |
| 21:16 | Build | Stone Wall |
| 21:21 | Build | Stone Wall |
| 21:36 | Build | Stone Wall |
| 21:54 | Build | Farm |
| 21:54 | Build | Farm |
| 21:55 | Build | Farm |
| 21:56 | Build | Farm |
| 23:45 | Create | Villager (Male) ×5 |
| 23:45 | Create | Villager (Male) |
| 24:14 | Build | Barracks |
| 24:16 | Build | Barracks |
| 24:21 | Build | Barracks |
| 24:24 | Build | House |
| 24:29 | Build | House |
| 24:30 | Build | House |
| 24:34 | Build | House |
| 24:58 | Build | Mining Camp |
| 25:45 | Build | Town Center |
| 26:01 | Research | Bow Saw |
| 26:09 | Create | Villager (Male) |
| 26:10 | Create | Villager (Male) |
| 26:10 | Create | Villager (Male) |
| 26:11 | Create | Villager (Male) |
| 26:20 | Build | Farm |
| 26:20 | Build | Farm |
| 26:21 | Build | Farm |
| 26:23 | Build | Farm |
| 26:28 | Build | Farm |
| 26:37 | Research | Squires |
| 26:39 | Research | Arson |
| 26:40 | Research | Man-at-Arms (upgrade) |
| 27:22 | Research | Pikeman (upgrade) |
| 27:41 | Build | House |
| 27:42 | Build | House |
| 27:45 | Build | House |
| 27:48 | Build | House |
| 27:52 | Build | House |
| 27:54 | Build | House |
| 28:26 | Create | Villager (Male) |
| 28:27 | Create | Villager (Male) |
| 28:32 | Create | Villager (Male) |
| 28:33 | Create | Villager (Male) |
| 29:19 | Research | Long Swordsman (upgrade) |
| 29:22 | Create | Spearman |
| 29:22 | Create | Spearman |
| 29:22 | Create | Spearman |
| 29:36 | Research | Forging |
| 29:38 | Research | Scale Mail Armor |
| 29:46 | Create | Militia |
| 29:47 | Create | Militia |
| 29:48 | Create | Spearman |
| 29:48 | Create | Spearman |
| 29:49 | Create | Spearman |
| 29:58 | Create | Militia |
| 30:00 | Create | Spearman |
| 30:31 | Create | Militia |
| 30:32 | Create | Militia |
| 30:32 | Create | Militia |
| 30:33 | Create | Spearman |
| 30:34 | Create | Spearman |
| 30:48 | Create | Villager (Male) ×5 |
| 30:49 | Create | Villager (Male) |
| 31:04 | Create | Villager (Male) |
| 31:18 | Build | Farm |
| 31:18 | Build | Farm |
| 31:19 | Build | Farm |
| 31:20 | Build | Farm |
| 31:21 | Build | Farm |
| 31:22 | Build | Farm |
| 31:23 | Build | Farm |
| 31:52 | Create | Militia ×5 |
| 31:54 | Research | Gambesons |
| 31:55 | Create | Spearman |
| 31:55 | Create | Spearman |
| 31:56 | Create | Spearman |
| 31:56 | Create | Spearman |
| 32:02 | Create | Militia |
| 32:03 | Create | Militia |
| 32:03 | Create | Militia |
| 32:04 | Create | Spearman |
| 32:04 | Create | Spearman |
| 32:16 | Research | Chain Mail Armor |
| 32:25 | Create | Villager (Male) |
| 32:26 | Create | Villager (Male) |
| 32:36 | Build | Mill |
| 32:39 | Build | Farm |
| 32:39 | Build | Farm |
Build order — yabin.belrojo
First 150 of 197 actions detected
| 2:39 | Build | Town Center |
| 5:22 | Create | Villager (Male) |
| 5:22 | Create | Villager (Male) |
| 5:22 | Create | Villager (Male) |
| 5:23 | Create | Villager (Male) |
| 5:23 | Create | Villager (Male) |
| 5:27 | Build | House |
| 5:29 | Build | House |
| 6:21 | Build | House |
| 6:24 | Build | House |
| 7:59 | Create | Villager (Male) |
| 8:26 | Create | Villager (Male) |
| 8:55 | Create | Villager (Male) |
| 9:29 | Create | Villager (Male) |
| 9:32 | Create | Villager (Male) |
| 10:04 | Build | Mill |
| 10:23 | Create | Villager (Male) |
| 10:50 | Create | Villager (Male) |
| 11:23 | Create | Villager (Male) |
| 11:38 | Create | Villager (Male) |
| 11:55 | Build | Mining Camp |
| 12:07 | Create | Villager (Male) |
| 12:25 | Build | Barracks |
| 12:48 | Create | Villager (Male) |
| 13:36 | Research | Feudal Age |
| 14:52 | Build | Mill |
| 15:05 | Create | Villager (Male) |
| 15:39 | Age | Feudal Age |
| 16:00 | Build | Stable |
| 16:35 | Create | Villager (Male) |
| 17:00 | Create | Scout Cavalry |
| 17:28 | Create | Villager (Male) |
| 17:46 | Build | Lumber Camp |
| 18:14 | Build | Lumber Camp |
| 20:16 | Build | Market |
| 21:18 | Research | Castle Age |
| 22:08 | Research | Gold Mining |
| 22:18 | Research | Double-Bit Axe |
| 22:48 | Build | Farm |
| 22:52 | Build | Farm |
| 22:56 | Build | Farm |
| 22:59 | Build | Farm |
| 23:05 | Build | Farm |
| 23:43 | Age | Castle Age |
| 24:03 | Research | Wheelbarrow |
| 24:17 | Build | Town Center |
| 24:55 | Build | House |
| 24:56 | Build | House |
| 24:58 | Build | House |
| 25:00 | Build | House |
| 25:02 | Build | House |
| 25:08 | Create | Villager (Male) |
| 25:09 | Create | Villager (Male) |
| 25:10 | Create | Villager (Male) |
| 25:10 | Create | Villager (Male) |
| 25:19 | Build | House |
| 25:59 | Create | Villager (Male) |
| 26:00 | Create | Villager (Male) |
| 26:39 | Create | Villager (Male) |
| 26:40 | Create | Villager (Male) |
| 27:14 | Build | Castle |
| 27:27 | Build | Farm |
| 27:30 | Build | Farm |
| 27:33 | Build | Farm |
| 27:36 | Create | Villager (Male) |
| 27:37 | Create | Villager (Male) |
| 27:44 | Research | Bow Saw |
| 28:15 | Build | House |
| 28:19 | Build | House |
| 28:36 | Create | Villager (Male) |
| 28:36 | Create | Villager (Male) |
| 29:29 | Build | House |
| 29:33 | Build | House |
| 29:34 | Build | House |
| 29:37 | Build | House |
| 29:39 | Build | House |
| 29:40 | Build | House |
| 29:42 | Build | House |
| 29:44 | Build | House |
| 29:56 | Build | Farm |
| 29:59 | Build | Farm |
| 30:02 | Build | Farm |
| 30:05 | Create | Villager (Male) |
| 30:05 | Create | Villager (Male) |
| 30:12 | Create | Villager (Male) |
| 30:12 | Create | Villager (Male) |
| 30:18 | Create | Villager (Male) |
| 30:22 | Research | Horse Collar |
| 30:27 | Create | Trade Cart |
| 30:32 | Create | Trade Cart |
| 30:39 | Create | Villager (Male) |
| 30:39 | Create | Villager (Male) |
| 30:39 | Create | Villager (Male) |
| 30:49 | Build | Farm |
| 31:05 | Build | Farm |
| 31:12 | Create | Villager (Male) |
| 31:13 | Create | Villager (Male) |
| 31:13 | Create | Villager (Male) |
| 31:36 | Build | Blacksmith |
| 31:46 | Build | Farm |
| 31:50 | Build | Farm |
| 32:05 | Build | Farm |
| 32:37 | Build | Siege Workshop |
| 32:45 | Create | Villager (Male) |
| 32:46 | Create | Villager (Male) |
| 32:46 | Create | Villager (Male) |
| 32:55 | Research | Imperial Age |
| 33:30 | Build | Stable |
| 33:33 | Build | Stable |
| 33:43 | Build | Mining Camp |
| 33:53 | Research | Hand Cart |
| 35:01 | Create | Trade Cart |
| 35:01 | Create | Trade Cart |
| 35:05 | Create | Villager (Male) |
| 35:06 | Create | Villager (Male) |
| 35:18 | Create | Villager (Male) |
| 35:18 | Create | Villager (Male) |
| 35:18 | Create | Villager (Male) |
| 35:30 | Build | University |
| 35:40 | Age | Imperial Age |
| 35:42 | Research | Gold Shaft Mining |
| 35:47 | Research | Heavy Plow |
| 35:52 | Build | Farm |
| 35:57 | Build | Farm |
| 36:00 | Create | Villager (Male) |
| 36:01 | Create | Villager (Male) |
| 36:37 | Research | Chemistry |
| 36:43 | Build | Archery Range |
| 36:46 | Create | Trebuchet (Packed) |
| 37:07 | Build | Farm |
| 37:10 | Build | Farm |
| 37:53 | Create | Villager (Male) |
| 37:54 | Create | Villager (Male) |
| 37:54 | Create | Villager (Male) |
| 37:55 | Create | Villager (Male) |
| 37:56 | Create | Villager (Male) |
| 37:57 | Create | Villager (Male) |
| 38:29 | Research | Kamandaran |
| 38:34 | Build | Archery Range |
| 38:36 | Build | Archery Range |
| 38:46 | Create | Villager (Male) |
| 38:47 | Create | Villager (Male) |
| 38:47 | Create | Villager (Male) |
| 38:47 | Create | Villager (Male) |
| 39:34 | Research | Crossbowman (upgrade) |
| 39:40 | Create | Bombard Cannon |
| 39:41 | Create | Bombard Cannon |
| 40:55 | Create | Archer |
| 40:56 | Create | Archer |
| 40:56 | Create | Archer |
Build order — Sweaty Shrooms
137 actions detected in the replay
| 2:04 | Build | Town Center |
| 3:30 | Build | House |
| 3:32 | Build | House |
| 4:16 | Create | Villager (Male) |
| 4:16 | Create | Villager (Male) |
| 4:31 | Build | Settlement |
| 5:22 | Create | Villager (Male) |
| 5:23 | Create | Villager (Male) |
| 6:01 | Create | Villager (Male) |
| 6:35 | Create | Villager (Male) |
| 7:17 | Create | Villager (Male) |
| 7:35 | Build | Settlement |
| 7:48 | Create | Villager (Male) |
| 8:17 | Create | Villager (Male) |
| 8:35 | Create | Villager (Male) |
| 9:11 | Create | Villager (Male) |
| 10:10 | Create | Villager (Male) |
| 10:11 | Create | Villager (Male) |
| 10:11 | Create | Villager (Male) |
| 10:55 | Build | Barracks |
| 11:53 | Create | Villager (Male) |
| 11:58 | Create | Villager (Male) |
| 12:47 | Create | Villager (Male) |
| 12:55 | Create | Villager (Male) |
| 13:39 | Build | Settlement |
| 13:51 | Research | Feudal Age |
| 15:49 | Create | Villager (Male) |
| 15:51 | Create | Villager (Male) |
| 15:51 | Create | Villager (Male) |
| 15:52 | Create | Villager (Male) |
| 16:10 | Build | Archery Range |
| 16:19 | Build | Blacksmith |
| 16:50 | Create | Villager (Male) |
| 17:02 | Create | Villager (Male) |
| 17:12 | Build | Farm |
| 17:12 | Build | Farm |
| 17:13 | Build | Farm |
| 17:13 | Build | Farm |
| 17:24 | Build | Farm |
| 17:41 | Build | Farm |
| 17:41 | Build | Farm |
| 17:50 | Create | Villager (Male) |
| 18:00 | Research | Horse Collar |
| 19:06 | Build | Farm |
| 19:07 | Build | Farm |
| 19:07 | Build | Farm |
| 19:07 | Build | Farm |
| 19:08 | Build | Farm |
| 19:13 | Create | Villager (Male) |
| 19:13 | Create | Villager (Male) |
| 19:14 | Create | Villager (Male) |
| 19:16 | Create | Villager (Male) |
| 19:31 | Build | Settlement |
| 20:26 | Create | Villager (Male) |
| 20:30 | Create | Villager (Male) |
| 21:13 | Build | House |
| 21:14 | Build | House |
| 21:16 | Build | House |
| 21:17 | Build | House |
| 21:20 | Build | House |
| 21:57 | Create | Villager (Male) |
| 22:26 | Research | Castle Age |
| 22:33 | Build | Settlement |
| 22:51 | Build | Archery Range |
| 22:53 | Build | Archery Range |
| 23:59 | Create | Spearman |
| 23:59 | Create | Spearman |
| 24:05 | Build | House |
| 24:05 | Build | House |
| 24:33 | Build | Archery Range |
| 24:41 | Build | Archery Range |
| 25:16 | Build | House |
| 25:18 | Build | House |
| 25:19 | Build | House |
| 25:22 | Build | House |
| 25:26 | Create | Villager (Male) |
| 25:26 | Create | Villager (Male) |
| 25:26 | Create | Villager (Male) |
| 25:27 | Create | Villager (Male) |
| 25:27 | Create | Villager (Male) |
| 25:43 | Build | Town Center |
| 25:53 | Create | Villager (Male) |
| 25:54 | Create | Villager (Male) |
| 25:58 | Create | Spearman |
| 26:02 | Research | Double-Bit Axe |
| 26:19 | Create | Bolas Rider |
| 26:19 | Create | Bolas Rider |
| 26:48 | Create | Villager (Male) |
| 27:18 | Build | House |
| 27:20 | Build | House |
| 27:22 | Build | House |
| 27:32 | Research | Heavy Plow |
| 27:40 | Research | Bow Saw |
| 27:53 | Research | Crossbowman (upgrade) |
| 28:10 | Create | Villager (Male) |
| 28:10 | Create | Villager (Male) |
| 28:10 | Create | Villager (Male) |
| 28:11 | Create | Villager (Male) |
| 28:11 | Create | Villager (Male) |
| 28:18 | Create | Villager (Male) |
| 28:26 | Build | Farm |
| 28:27 | Build | Farm |
| 28:27 | Build | Farm |
| 28:27 | Build | Farm |
| 28:32 | Build | Farm |
| 29:07 | Research | Stone Mining |
| 29:11 | Research | Gold Mining |
| 30:07 | Build | Archery Range |
| 30:09 | Build | Archery Range |
| 30:57 | Build | Settlement |
| 31:05 | Create | Villager (Male) |
| 31:05 | Create | Villager (Male) |
| 31:05 | Create | Villager (Male) |
| 31:08 | Create | Villager (Male) |
| 31:09 | Create | Villager (Male) |
| 31:22 | Build | Castle |
| 31:40 | Create | Villager (Male) |
| 31:40 | Create | Villager (Male) |
| 31:41 | Create | Villager (Male) |
| 31:41 | Create | Villager (Male) |
| 31:42 | Create | Villager (Male) |
| 31:42 | Create | Villager (Male) |
| 31:43 | Create | Villager (Male) |
| 31:43 | Create | Villager (Male) |
| 31:43 | Create | Villager (Male) |
| 31:50 | Create | Villager (Male) |
| 31:53 | Create | Villager (Male) |
| 32:24 | Create | Bolas Rider |
| 32:25 | Create | Bolas Rider |
| 32:25 | Create | Bolas Rider |
| 32:29 | Create | Bolas Rider |
| 32:29 | Create | Bolas Rider |
| 32:39 | Create | Bolas Rider |
| 32:40 | Create | Bolas Rider |
| 32:40 | Create | Bolas Rider |
| 33:00 | Research | Forging |
| 33:04 | Research | Fletching |
Build order — anon
First 150 of 815 actions detected
| 0:56 | Build | Town Center |
| 2:18 | Build | Mill |
| 3:36 | Create | Villager (Male) |
| 3:37 | Create | Villager (Male) |
| 3:37 | Create | Villager (Male) |
| 3:37 | Create | Villager (Male) |
| 4:36 | Build | House |
| 5:14 | Research | Loom |
| 5:22 | Build | House |
| 5:24 | Build | House |
| 5:25 | Build | House |
| 5:27 | Build | House |
| 6:49 | Create | Villager (Male) |
| 6:49 | Create | Villager (Male) |
| 8:43 | Create | Villager (Male) |
| 8:43 | Create | Villager (Male) |
| 8:44 | Create | Villager (Male) |
| 8:48 | Create | Villager (Male) |
| 8:48 | Create | Villager (Male) |
| 8:48 | Create | Villager (Male) |
| 8:48 | Create | Villager (Male) |
| 8:48 | Create | Villager (Male) |
| 8:48 | Create | Villager (Male) |
| 8:48 | Create | Villager (Male) |
| 8:49 | Create | Villager (Male) |
| 8:49 | Create | Villager (Male) |
| 8:49 | Create | Villager (Male) |
| 8:49 | Create | Villager (Male) |
| 8:49 | Create | Villager (Male) |
| 9:34 | Build | Mill |
| 10:44 | Create | Villager (Male) |
| 10:45 | Create | Villager (Male) |
| 11:03 | Create | Villager (Male) |
| 11:17 | Build | Farm |
| 12:46 | Create | Villager (Male) |
| 12:47 | Create | Villager (Male) |
| 12:47 | Create | Villager (Male) |
| 13:14 | Build | Farm |
| 13:51 | Build | Farm |
| 14:29 | Research | Feudal Age |
| 15:37 | Build | Farm |
| 16:08 | Build | Mill |
| 16:38 | Create | Villager (Male) |
| 16:39 | Create | Villager (Male) |
| 16:39 | Age | Feudal Age |
| 16:39 | Create | Villager (Male) |
| 16:39 | Create | Villager (Male) |
| 16:39 | Create | Villager (Male) |
| 16:40 | Create | Villager (Male) |
| 16:40 | Create | Villager (Male) |
| 16:50 | Build | Farm |
| 17:12 | Build | Farm |
| 17:49 | Build | Lumber Camp |
| 18:00 | Build | Farm |
| 18:04 | Build | Farm |
| 18:06 | Create | Villager (Male) |
| 18:07 | Research | Wheelbarrow |
| 18:07 | Create | Villager (Male) |
| 18:08 | Create | Villager (Male) |
| 18:08 | Create | Villager (Male) |
| 18:08 | Create | Villager (Male) |
| 18:50 | Build | Mining Camp |
| 19:37 | Build | House |
| 19:37 | Build | House |
| 19:37 | Build | House |
| 19:37 | Build | House |
| 19:38 | Build | House |
| 19:38 | Build | House |
| 19:38 | Build | House |
| 19:38 | Build | House |
| 19:38 | Build | House |
| 19:38 | Build | House |
| 19:38 | Build | House |
| 19:38 | Build | House |
| 19:38 | Build | House |
| 19:38 | Build | House |
| 19:38 | Build | House |
| 19:38 | Build | House |
| 19:38 | Build | House |
| 19:38 | Build | House |
| 19:38 | Build | House |
| 19:39 | Build | House |
| 19:39 | Build | House |
| 19:39 | Build | House |
| 19:39 | Build | House |
| 19:39 | Build | House |
| 19:39 | Build | House |
| 19:39 | Build | House |
| 19:39 | Build | House |
| 19:39 | Build | House |
| 19:39 | Build | House |
| 19:39 | Build | House |
| 19:39 | Build | House |
| 19:39 | Build | House |
| 19:39 | Build | House |
| 19:39 | Build | House |
| 19:39 | Build | House |
| 19:39 | Build | House |
| 19:39 | Build | House |
| 19:39 | Build | House |
| 19:39 | Build | House |
| 19:39 | Build | House |
| 19:39 | Build | House |
| 19:40 | Build | House |
| 19:40 | Build | House |
| 19:40 | Build | House |
| 19:40 | Build | House |
| 19:49 | Build | House |
| 19:49 | Build | House |
| 19:49 | Build | House |
| 19:49 | Build | House |
| 19:49 | Build | House |
| 19:49 | Build | House |
| 19:49 | Build | House |
| 19:49 | Build | House |
| 19:49 | Build | House |
| 19:49 | Build | House |
| 19:49 | Build | House |
| 19:49 | Build | House |
| 19:50 | Build | House |
| 19:50 | Build | House |
| 19:50 | Build | House |
| 19:50 | Build | House |
| 19:50 | Build | House |
| 19:50 | Build | House |
| 19:50 | Build | House |
| 19:50 | Build | House |
| 19:51 | Build | House |
| 19:52 | Build | House |
| 19:52 | Build | House |
| 19:52 | Build | House |
| 19:52 | Build | House |
| 20:48 | Build | Farm |
| 20:54 | Build | Farm |
| 21:01 | Build | Farm |
| 21:06 | Build | Farm |
| 21:26 | Create | Villager (Male) |
| 21:26 | Create | Villager (Male) |
| 21:49 | Build | Farm |
| 22:37 | Build | Market |
| 22:51 | Research | Castle Age |
| 23:24 | Build | Farm |
| 24:49 | Create | Trade Cart |
| 24:49 | Create | Trade Cart |
| 25:10 | Build | Farm |
| 25:48 | Create | Villager (Male) |
| 25:48 | Create | Villager (Male) |
| 25:57 | Create | Villager (Male) |
| 25:57 | Create | Villager (Male) |
| 25:58 | Create | Villager (Male) |
Build order — TOBOT2000
First 150 of 159 actions detected
| 1:22 | Build | Town Center |
| 3:25 | Build | House |
| 3:26 | Build | House |
| 3:28 | Build | House |
| 3:29 | Build | House |
| 3:55 | Create | Villager (Male) ×4 |
| 5:24 | Create | Villager (Male) |
| 6:01 | Create | Villager (Male) |
| 6:30 | Create | Villager (Male) |
| 6:43 | Build | Mill |
| 7:25 | Create | Villager (Male) ×2 |
| 8:06 | Build | Lumber Camp |
| 8:14 | Create | Villager (Male) ×2 |
| 8:38 | Create | Villager (Male) |
| 8:39 | Research | Loom |
| 10:10 | Create | Villager (Male) ×3 |
| 10:53 | Build | Barracks |
| 12:21 | Research | Feudal Age |
| 13:36 | Create | Villager (Male) ×2 |
| 14:09 | Build | Mill |
| 14:33 | Research | Wheelbarrow |
| 15:28 | Build | Stone Wall |
| 15:35 | Create | Villager (Male) ×5 |
| 15:40 | Research | Double-Bit Axe |
| 15:57 | Build | Mining Camp |
| 16:03 | Create | Villager (Male) ×3 |
| 18:01 | Build | Blacksmith |
| 18:19 | Build | Market |
| 19:18 | Research | Scale Mail Armor |
| 19:19 | Research | Forging |
| 19:39 | Build | Stone Wall |
| 19:45 | Build | Stone Wall |
| 19:50 | Build | Gate |
| 20:20 | Build | House |
| 20:24 | Build | House |
| 20:25 | Build | House |
| 20:26 | Build | House |
| 20:37 | Research | Horse Collar |
| 20:44 | Create | Villager (Male) ×5 |
| 20:49 | Research | Stone Mining |
| 20:50 | Research | Gold Mining |
| 21:15 | Build | Mining Camp |
| 22:20 | Build | House |
| 22:21 | Build | House |
| 22:23 | Build | House |
| 22:24 | Build | House |
| 23:16 | Research | Castle Age |
| 24:09 | Build | Gate |
| 24:22 | Build | Stone Wall |
| 24:41 | Build | Mining Camp |
| 24:51 | Create | Spearman ×5 |
| 24:56 | Create | Villager (Male) ×3 |
| 25:24 | Build | Mining Camp |
| 25:54 | Create | Spearman ×3 |
| 26:31 | Build | Farm |
| 26:33 | Build | Farm |
| 26:35 | Build | Farm |
| 26:37 | Build | Farm |
| 26:39 | Build | Farm |
| 26:40 | Build | Farm |
| 26:42 | Build | Farm |
| 26:51 | Build | Farm |
| 27:20 | Research | Squires |
| 27:49 | Build | Stone Wall |
| 27:56 | Build | Gate |
| 28:07 | Build | Stone Wall |
| 28:14 | Build | Gate |
| 28:31 | Build | Farm |
| 28:38 | Research | Pikeman (upgrade) |
| 28:51 | Create | Trade Cart ×5 |
| 29:09 | Build | Stone Wall |
| 29:17 | Build | Stone Wall |
| 29:56 | Research | Arson |
| 29:57 | Create | Spearman ×5 |
| 31:05 | Research | Hand Cart |
| 32:04 | Research | Chain Mail Armor |
| 32:19 | Create | Villager (Male) ×2 |
| 32:32 | Build | University |
| 32:48 | Research | Caravan |
| 32:50 | Create | Trade Cart ×5 |
| 32:56 | Build | Farm |
| 33:36 | Build | Farm |
| 33:38 | Research | Bow Saw |
| 33:53 | Create | Spearman ×4 |
| 34:23 | Create | Trade Cart ×3 |
| 34:33 | Research | Stone Shaft Mining |
| 35:24 | Build | Farm |
| 35:26 | Build | Farm |
| 35:33 | Build | Farm |
| 35:34 | Build | Farm |
| 35:35 | Build | Farm |
| 36:01 | Build | Castle |
| 36:47 | Create | Villager (Male) ×5 |
| 36:51 | Research | Iron Casting |
| 36:55 | Create | Spearman ×5 |
| 37:57 | Build | House |
| 38:01 | Build | House |
| 38:02 | Build | House |
| 38:03 | Build | House |
| 38:23 | Create | Serjeant ×5 |
| 38:30 | Build | Farm |
| 39:37 | Create | Serjeant ×5 |
| 39:37 | Create | Serjeant ×5 |
| 39:57 | Create | Serjeant ×5 |
| 39:57 | Create | Serjeant |
| 39:57 | Create | Serjeant |
| 40:50 | Research | Murder Holes |
| 40:52 | Research | Masonry |
| 41:04 | Research | Gold Shaft Mining |
| 41:30 | Build | Stone Wall |
| 41:40 | Create | Trade Cart ×5 |
| 41:52 | Build | Farm |
| 42:03 | Research | Heavy Plow |
| 42:20 | Build | Gate |
| 42:45 | Build | Gate |
| 42:52 | Create | Serjeant ×5 |
| 42:52 | Create | Serjeant ×5 |
| 42:52 | Create | Serjeant ×5 |
| 43:00 | Create | Spearman ×2 |
| 44:26 | Create | Serjeant ×5 |
| 44:27 | Create | Serjeant ×5 |
| 44:30 | Create | Spearman ×2 |
| 45:17 | Create | Serjeant ×5 |
| 45:17 | Create | Serjeant |
| 45:17 | Create | Serjeant |
| 45:34 | Create | Serjeant ×2 |
| 45:34 | Create | Serjeant ×2 |
| 46:05 | Create | Villager (Male) ×4 |
| 46:16 | Build | Lumber Camp |
| 46:22 | Create | Spearman ×4 |
| 46:50 | Build | Siege Workshop |
| 46:51 | Build | Siege Workshop |
| 46:58 | Create | Serjeant ×4 |
| 48:06 | Create | Serjeant ×5 |
| 48:06 | Create | Serjeant ×5 |
| 48:20 | Create | Battering Ram ×5 |
| 48:34 | Build | Gate |
| 48:58 | Create | Battering Ram |
| 48:58 | Create | Battering Ram |
| 49:57 | Research | Imperial Age |
| 50:12 | Create | Serjeant ×2 |
| 50:12 | Create | Serjeant ×2 |
| 50:35 | Build | House |
| 50:36 | Build | House |
| 50:38 | Build | House |
| 50:38 | Build | House |
| 50:40 | Build | House |
| 50:41 | Build | House |
| 50:53 | Build | House |
| 50:55 | Build | House |
Build order — pepebravo99
First 150 of 253 actions detected
| 0:43 | Build | Town Center |
| 3:20 | Create | Villager (Male) ×4 |
| 3:29 | Build | House |
| 4:17 | Build | House |
| 4:40 | Build | Mill |
| 5:39 | Create | Villager (Male) |
| 5:56 | Create | Villager (Male) |
| 6:46 | Create | Villager (Male) |
| 6:46 | Create | Villager (Male) |
| 6:46 | Create | Villager (Male) |
| 6:47 | Create | Villager (Male) |
| 8:08 | Create | Villager (Male) |
| 8:08 | Create | Villager (Male) |
| 8:08 | Create | Villager (Male) |
| 8:37 | Build | House |
| 9:30 | Create | Villager (Male) |
| 9:31 | Create | Villager (Male) |
| 9:31 | Create | Villager (Male) |
| 10:05 | Create | Villager (Male) |
| 10:14 | Build | House |
| 10:44 | Build | Lumber Camp |
| 11:01 | Create | Villager (Male) |
| 11:43 | Research | Feudal Age |
| 12:50 | Build | Mining Camp |
| 13:03 | Build | Barracks |
| 13:23 | Create | Villager (Male) |
| 13:24 | Create | Villager (Male) |
| 13:56 | Build | House |
| 14:02 | Research | Double-Bit Axe |
| 14:17 | Research | Wheelbarrow |
| 14:44 | Create | Villager (Male) |
| 15:37 | Build | Stable |
| 15:48 | Create | Villager (Male) |
| 16:01 | Build | Mill |
| 16:30 | Create | Villager (Male) |
| 16:57 | Build | Market |
| 17:03 | Create | Villager (Male) |
| 17:08 | Create | Villager (Male) |
| 18:05 | Build | Lumber Camp |
| 18:29 | Create | Villager (Male) |
| 18:29 | Create | Villager (Male) |
| 18:32 | Create | Villager (Male) |
| 18:52 | Build | Mill |
| 19:02 | Build | Mining Camp |
| 19:18 | Create | Scout Cavalry |
| 19:26 | Build | House |
| 19:27 | Build | House |
| 19:30 | Build | House |
| 20:18 | Research | Castle Age |
| 20:43 | Build | House |
| 21:31 | Research | Stone Mining |
| 21:35 | Research | Gold Mining |
| 23:06 | Build | Town Center |
| 23:11 | Research | Hand Cart |
| 23:11 | Create | Villager (Male) |
| 23:12 | Create | Villager (Male) |
| 23:12 | Create | Villager (Male) |
| 23:32 | Build | House |
| 23:33 | Build | House |
| 23:39 | Build | House |
| 23:41 | Build | House |
| 23:44 | Build | House |
| 23:46 | Build | House |
| 23:49 | Build | House |
| 23:50 | Build | House |
| 23:53 | Build | House |
| 23:55 | Build | House |
| 24:11 | Build | Stone Wall |
| 24:17 | Research | Bow Saw |
| 24:55 | Create | Villager (Male) |
| 24:55 | Create | Villager (Male) |
| 25:01 | Create | Villager (Male) |
| 25:01 | Create | Villager (Male) |
| 25:41 | Build | Castle |
| 25:49 | Create | Villager (Male) |
| 25:49 | Create | Villager (Male) |
| 25:50 | Create | Villager (Male) |
| 25:50 | Create | Villager (Male) |
| 26:07 | Create | Villager (Male) |
| 26:42 | Build | Farm |
| 26:49 | Build | Farm |
| 26:55 | Create | Villager (Male) |
| 26:55 | Create | Villager (Male) |
| 26:56 | Create | Villager (Male) |
| 27:38 | Build | Stone Wall |
| 27:43 | Build | Stone Wall |
| 27:51 | Build | Gate |
| 28:02 | Build | Farm |
| 28:05 | Research | Horse Collar |
| 28:11 | Research | Gold Shaft Mining |
| 28:31 | Create | War Wagon |
| 28:31 | Create | War Wagon |
| 28:31 | Create | War Wagon |
| 28:31 | Create | War Wagon |
| 28:32 | Create | War Wagon |
| 28:32 | Create | War Wagon |
| 28:41 | Build | University |
| 28:54 | Build | Stone Wall |
| 28:58 | Create | Villager (Male) |
| 28:58 | Create | Villager (Male) |
| 28:58 | Create | Villager (Male) |
| 29:05 | Create | Villager (Male) |
| 29:05 | Create | Villager (Male) |
| 29:16 | Build | Lumber Camp |
| 29:40 | Create | Villager (Male) |
| 29:40 | Create | Villager (Male) |
| 30:06 | Build | Mining Camp |
| 30:23 | Build | Mill |
| 30:33 | Research | Stone Shaft Mining |
| 30:41 | Build | Farm |
| 30:43 | Build | Farm |
| 30:44 | Build | Farm |
| 30:49 | Create | Villager (Male) |
| 30:49 | Create | Villager (Male) |
| 31:11 | Build | Stone Wall |
| 31:24 | Build | Stone Wall |
| 31:33 | Build | Stone Wall |
| 31:44 | Build | Gate |
| 31:48 | Create | Villager (Male) |
| 31:48 | Create | Villager (Male) |
| 31:49 | Create | Villager (Male) |
| 31:49 | Create | Villager (Male) |
| 31:52 | Create | Villager (Male) |
| 31:52 | Create | Villager (Male) |
| 32:19 | Build | Town Center |
| 32:30 | Create | War Wagon |
| 32:30 | Create | War Wagon |
| 32:31 | Create | War Wagon |
| 32:31 | Create | War Wagon |
| 32:43 | Build | Farm |
| 32:47 | Build | Farm |
| 33:01 | Build | Mining Camp |
| 33:44 | Create | Villager (Male) |
| 33:44 | Create | Villager (Male) |
| 33:45 | Create | Villager (Male) |
| 33:45 | Create | Villager (Male) |
| 33:50 | Create | Villager (Male) |
| 33:51 | Create | Villager (Male) |
| 33:51 | Create | Villager (Male) |
| 33:51 | Create | Villager (Male) |
| 34:17 | Build | Farm |
| 34:24 | Create | Villager (Male) |
| 34:24 | Create | Villager (Male) |
| 34:34 | Create | War Wagon |
| 34:34 | Create | War Wagon |
| 34:35 | Create | War Wagon |
| 34:35 | Create | War Wagon |
| 35:17 | Create | War Wagon |
| 35:18 | Create | War Wagon |
| 35:18 | Create | War Wagon |
Build order — l3141516
First 150 of 295 actions detected
| 2:03 | Build | Town Center |
| 3:08 | Build | House |
| 3:09 | Build | House |
| 3:11 | Build | House |
| 4:15 | Create | Villager (Male) |
| 4:15 | Create | Villager (Male) |
| 4:16 | Create | Villager (Male) |
| 4:16 | Create | Villager (Male) |
| 4:16 | Create | Villager (Male) |
| 4:54 | Research | Loom |
| 5:51 | Create | Villager (Male) |
| 5:51 | Create | Villager (Male) |
| 6:25 | Create | Villager (Male) |
| 6:25 | Create | Villager (Male) |
| 6:49 | Create | Villager (Male) |
| 6:49 | Create | Villager (Male) |
| 7:40 | Create | Villager (Male) |
| 7:40 | Create | Villager (Male) |
| 7:41 | Create | Villager (Male) |
| 8:07 | Create | Villager (Male) |
| 8:07 | Create | Villager (Male) |
| 8:12 | Build | House |
| 8:53 | Build | Mill |
| 8:56 | Create | Villager (Male) |
| 8:56 | Create | Villager (Male) |
| 8:56 | Create | Villager (Male) |
| 9:26 | Create | Villager (Male) |
| 9:26 | Create | Villager (Male) |
| 9:49 | Create | Villager (Male) |
| 9:49 | Create | Villager (Male) |
| 9:49 | Create | Villager (Male) |
| 10:34 | Create | Villager (Male) |
| 10:35 | Create | Villager (Male) |
| 11:03 | Create | Villager (Male) |
| 11:28 | Build | Mill |
| 12:48 | Create | Villager (Male) |
| 12:49 | Create | Villager (Male) |
| 13:25 | Build | Mining Camp |
| 13:31 | Research | Feudal Age |
| 13:47 | Build | Lumber Camp |
| 14:36 | Build | House |
| 14:36 | Build | House |
| 14:37 | Build | House |
| 15:30 | Build | Barracks |
| 15:49 | Age | Feudal Age |
| 15:50 | Research | Town Watch |
| 16:00 | Create | Villager (Male) |
| 16:01 | Create | Villager (Male) |
| 16:01 | Create | Villager (Male) |
| 16:01 | Create | Villager (Male) |
| 16:01 | Create | Villager (Male) |
| 16:17 | Research | Double-Bit Axe |
| 16:35 | Build | Stable |
| 16:46 | Build | Farm |
| 16:49 | Build | Farm |
| 16:50 | Build | Farm |
| 17:37 | Build | Watch Tower |
| 17:51 | Create | Villager (Male) |
| 18:09 | Build | Market |
| 18:17 | Build | Stable |
| 18:33 | Create | Villager (Male) |
| 18:33 | Create | Villager (Male) |
| 18:33 | Create | Villager (Male) |
| 18:59 | Build | Barracks |
| 19:23 | Create | Villager (Male) |
| 19:23 | Create | Villager (Male) |
| 19:34 | Build | Stable |
| 19:41 | Build | Farm |
| 20:01 | Build | Stone Wall |
| 20:21 | Build | Stone Wall |
| 20:27 | Build | Gate |
| 20:34 | Create | Villager (Male) |
| 20:35 | Create | Villager (Male) |
| 20:35 | Create | Villager (Male) |
| 20:52 | Research | Horse Collar |
| 21:06 | Build | Farm |
| 21:08 | Build | Farm |
| 21:09 | Build | Farm |
| 21:10 | Build | Farm |
| 21:11 | Build | Farm |
| 21:18 | Build | Barracks |
| 21:21 | Create | Villager (Male) |
| 21:21 | Create | Villager (Male) |
| 21:22 | Create | Villager (Male) |
| 21:39 | Create | Villager (Male) |
| 21:39 | Create | Villager (Male) |
| 21:39 | Create | Villager (Male) |
| 22:00 | Create | Villager (Male) |
| 22:00 | Create | Villager (Male) |
| 22:08 | Create | Villager (Male) |
| 22:08 | Create | Villager (Male) |
| 22:09 | Create | Villager (Male) |
| 22:20 | Build | House |
| 22:21 | Build | House |
| 22:21 | Build | House |
| 22:21 | Build | House |
| 22:32 | Build | Gate |
| 22:46 | Build | Farm |
| 22:47 | Build | Farm |
| 22:49 | Build | Farm |
| 22:49 | Build | Farm |
| 22:51 | Build | Farm |
| 22:53 | Build | Farm |
| 22:54 | Build | Farm |
| 22:56 | Build | Farm |
| 22:56 | Build | Farm |
| 24:18 | Research | Castle Age |
| 24:29 | Research | Arson |
| 24:44 | Build | Stone Wall |
| 24:52 | Build | Gate |
| 24:59 | Create | Scout Cavalry ×2 |
| 25:00 | Create | Scout Cavalry ×2 |
| 25:12 | Research | Stone Mining |
| 25:22 | Create | Spearman |
| 25:22 | Create | Spearman |
| 25:50 | Create | Scout Cavalry |
| 25:50 | Create | Scout Cavalry |
| 26:00 | Research | Gold Mining |
| 26:13 | Create | Spearman ×2 |
| 26:13 | Create | Spearman ×2 |
| 26:36 | Build | Blacksmith |
| 26:47 | Create | Trade Cart |
| 26:47 | Create | Trade Cart |
| 26:48 | Create | Trade Cart |
| 26:48 | Create | Trade Cart |
| 26:58 | Age | Castle Age |
| 27:14 | Build | Town Center |
| 27:30 | Research | Wheelbarrow |
| 27:30 | Create | Villager (Male) |
| 27:31 | Create | Villager (Male) |
| 27:31 | Create | Villager (Male) |
| 27:40 | Build | Town Center |
| 27:47 | Research | Husbandry |
| 28:32 | Build | Siege Workshop |
| 28:38 | Research | Heavy Plow |
| 29:30 | Research | Town Patrol |
| 29:31 | Create | Villager (Male) |
| 29:31 | Create | Villager (Male) |
| 29:39 | Build | Siege Workshop |
| 29:48 | Create | Villager (Male) ×2 |
| 29:48 | Create | Villager (Male) ×2 |
| 30:24 | Build | Town Center |
| 30:36 | Research | Stone Shaft Mining |
| 30:54 | Create | Villager (Male) ×4 |
| 30:55 | Create | Villager (Male) ×4 |
| 31:27 | Create | Villager (Male) |
| 31:28 | Create | Villager (Male) |
| 31:28 | Create | Villager (Male) |
| 31:33 | Create | Villager (Male) |
| 31:33 | Create | Villager (Male) |
Build order — Jamez OP
First 150 of 262 actions detected
| 1:02 | Build | Town Center |
| 3:25 | Create | Villager (Male) ×4 |
| 4:54 | Create | Villager (Male) |
| 5:21 | Build | Mill |
| 6:20 | Create | Villager (Male) |
| 6:20 | Create | Villager (Male) |
| 6:21 | Create | Villager (Male) |
| 6:21 | Create | Villager (Male) |
| 7:29 | Create | Villager (Male) |
| 7:29 | Create | Villager (Male) |
| 8:01 | Create | Villager (Male) |
| 8:02 | Create | Villager (Male) |
| 9:10 | Create | Villager (Male) |
| 9:10 | Create | Villager (Male) |
| 9:10 | Create | Villager (Male) |
| 9:11 | Create | Villager (Male) |
| 10:15 | Create | Villager (Male) |
| 10:15 | Create | Villager (Male) |
| 10:46 | Create | Villager (Male) |
| 12:08 | Create | Villager (Male) |
| 12:09 | Create | Villager (Male) |
| 12:24 | Build | Lumber Camp |
| 12:30 | Create | Villager (Male) |
| 13:05 | Research | Feudal Age |
| 14:11 | Create | Villager (Male) |
| 14:11 | Create | Villager (Male) |
| 14:12 | Create | Villager (Male) |
| 15:06 | Build | Mining Camp |
| 15:40 | Research | Wheelbarrow |
| 15:45 | Research | Horse Collar |
| 15:51 | Research | Double-Bit Axe |
| 16:23 | Create | Villager (Male) |
| 16:27 | Create | Villager (Male) |
| 16:27 | Create | Villager (Male) |
| 16:28 | Create | Villager (Male) |
| 17:09 | Create | Villager (Male) |
| 17:33 | Create | Villager (Male) |
| 17:34 | Create | Villager (Male) |
| 18:06 | Build | Farm |
| 19:00 | Build | Stone Wall |
| 19:21 | Build | Farm |
| 19:21 | Build | Farm |
| 19:21 | Build | Farm |
| 19:21 | Build | Farm |
| 19:21 | Build | Farm |
| 19:21 | Build | Farm |
| 19:22 | Build | Farm |
| 19:22 | Build | Farm |
| 19:22 | Build | Farm |
| 19:22 | Build | Farm |
| 19:22 | Build | Farm |
| 19:22 | Build | Farm |
| 19:22 | Build | Farm |
| 19:22 | Build | Farm |
| 19:38 | Create | Villager (Male) ×9 |
| 19:38 | Create | Villager (Male) |
| 19:58 | Build | Gate |
| 20:07 | Build | Gate |
| 20:36 | Build | Farm |
| 20:57 | Create | Villager (Male) |
| 21:01 | Build | Farm |
| 21:14 | Build | Farm |
| 21:14 | Build | Farm |
| 21:14 | Build | Farm |
| 21:14 | Build | Farm |
| 21:14 | Build | Farm |
| 21:14 | Build | Farm |
| 21:14 | Build | Farm |
| 21:14 | Build | Farm |
| 21:14 | Build | Farm |
| 21:14 | Build | Farm |
| 21:14 | Build | Farm |
| 21:14 | Build | Farm |
| 21:14 | Build | Farm |
| 21:14 | Build | Farm |
| 21:14 | Build | Farm |
| 21:15 | Build | Farm |
| 21:17 | Build | Market |
| 21:18 | Build | Farm |
| 21:18 | Build | Farm |
| 21:18 | Build | Farm |
| 21:18 | Build | Farm |
| 21:18 | Build | Farm |
| 21:19 | Build | Farm |
| 21:19 | Build | Farm |
| 21:19 | Build | Farm |
| 21:19 | Build | Farm |
| 21:19 | Build | Farm |
| 21:19 | Build | Farm |
| 21:19 | Build | Farm |
| 21:19 | Build | Farm |
| 21:19 | Build | Farm |
| 21:19 | Build | Farm |
| 21:19 | Build | Farm |
| 21:19 | Build | Farm |
| 21:19 | Build | Farm |
| 21:19 | Build | Farm |
| 21:19 | Build | Farm |
| 21:19 | Build | Farm |
| 21:19 | Build | Farm |
| 21:19 | Build | Farm |
| 21:19 | Build | Farm |
| 21:19 | Build | Farm |
| 21:19 | Build | Farm |
| 21:19 | Build | Farm |
| 21:19 | Build | Farm |
| 21:19 | Build | Farm |
| 21:21 | Build | Farm |
| 21:21 | Build | Farm |
| 21:21 | Build | Farm |
| 21:21 | Build | Farm |
| 21:21 | Build | Farm |
| 21:21 | Build | Farm |
| 21:21 | Build | Farm |
| 21:22 | Build | Farm |
| 21:22 | Build | Farm |
| 21:22 | Build | Farm |
| 21:22 | Build | Farm |
| 21:22 | Build | Farm |
| 21:22 | Build | Farm |
| 21:22 | Build | Farm |
| 21:22 | Build | Farm |
| 21:22 | Build | Farm |
| 21:24 | Build | Market |
| 21:26 | Build | Farm |
| 21:26 | Build | Farm |
| 21:26 | Build | Farm |
| 21:27 | Build | Farm |
| 21:27 | Build | Farm |
| 21:37 | Build | Blacksmith |
| 22:27 | Create | Villager (Male) |
| 22:27 | Create | Villager (Male) |
| 22:27 | Create | Villager (Male) |
| 22:49 | Research | Castle Age |
| 23:00 | Build | Farm |
| 23:00 | Build | Farm |
| 23:00 | Build | Farm |
| 23:00 | Build | Farm |
| 23:00 | Build | Farm |
| 23:00 | Build | Farm |
| 23:00 | Build | Farm |
| 23:00 | Build | Farm |
| 23:00 | Build | Farm |
| 23:00 | Build | Farm |
| 23:00 | Build | Farm |
| 23:00 | Build | Farm |
| 23:00 | Build | Farm |
| 23:00 | Build | Farm |
| 23:00 | Build | Farm |
| 23:00 | Build | Farm |
Match timeline
| 10:53 | TOBOT2000 · first_building Barracks |
| 10:55 | Sweaty Shrooms · first_building Barracks |
| 12:25 | yabin.belrojo · first_building Barracks |
| 13:03 | pepebravo99 · first_building Barracks |
| 15:28 | TOBOT2000 · wall_segment Stone Wall x14 |
| 15:30 | l3141516 · first_building Barracks |
| 15:37 | pepebravo99 · first_building Stable |
| 15:39 | yabin.belrojo · age_up feudal |
| 15:49 | l3141516 · age_up feudal |
| 16:00 | yabin.belrojo · first_building Stable |
| 16:10 | Sweaty Shrooms · first_building Archery Range |
| 16:23 | MikeSchneider18 · first_building Barracks |
| 16:35 | l3141516 · first_building Stable |
| 16:39 | anon · age_up feudal |
| 17:57 | MikeSchneider18 · wall_segment Stone Wall x5 |
| 19:00 | Jamez OP · wall_segment Stone Wall x66 |
| 19:39 | TOBOT2000 · wall_segment Stone Wall x4 |
| 19:45 | TOBOT2000 · wall_segment Stone Wall x35 |
| 20:01 | l3141516 · wall_segment Stone Wall x2 |
| 20:21 | l3141516 · wall_segment Stone Wall x21 |
| 21:16 | MikeSchneider18 · wall_segment Stone Wall x15 |
| 21:21 | MikeSchneider18 · wall_segment Stone Wall x6 |
| 21:36 | MikeSchneider18 · wall_segment Stone Wall x6 |
| 22:05 | l3141516 · first_market_buy 100 food |
| 23:43 | yabin.belrojo · age_up castle |
| 24:01 | l3141516 · first_market_sell 100 wood |
| 24:11 | pepebravo99 · wall_segment Stone Wall x1 |
| 24:22 | TOBOT2000 · wall_segment Stone Wall x16 |
| 24:44 | l3141516 · wall_segment Stone Wall x13 |
| 25:41 | pepebravo99 · first_building Castle |
| 25:59 | anon · age_up castle |
| 26:58 | l3141516 · age_up castle |
| 27:14 | yabin.belrojo · first_building Castle |
| 27:29 | anon · first_building Monastery |
| 27:38 | pepebravo99 · wall_segment Stone Wall x1 |
| 27:43 | pepebravo99 · wall_segment Stone Wall x1 |
| 27:45 | Jamez OP · first_building Monastery |
| 27:49 | TOBOT2000 · wall_segment Stone Wall x13 |
| 28:07 | TOBOT2000 · wall_segment Stone Wall x23 |
| 28:32 | l3141516 · first_building Siege Workshop |
| 28:54 | pepebravo99 · wall_segment Stone Wall x1 |
| 29:09 | TOBOT2000 · wall_segment Stone Wall x1 |
| 29:17 | TOBOT2000 · wall_segment Stone Wall x1 |
| 29:28 | MikeSchneider18 · first_market_buy 500 food |
| 31:02 | Jamez OP · first_market_sell 500 wood |
| 31:11 | pepebravo99 · wall_segment Stone Wall x13 |
| 31:22 | Sweaty Shrooms · first_building Castle |
| 31:24 | pepebravo99 · wall_segment Stone Wall x13 |
| 31:33 | pepebravo99 · wall_segment Stone Wall x22 |
| 31:41 | Jamez OP · first_building Castle |
| 31:41 | MikeSchneider18 · first_market_sell 500 wood |
| 32:37 | yabin.belrojo · first_building Siege Workshop |
| 34:11 | anon · wall_segment Stone Wall x1 |
| 34:11 | anon · wall_segment Stone Wall x1 |
| 34:11 | anon · wall_segment Stone Wall x1 |
| 34:11 | anon · wall_segment Stone Wall x1 |
| 34:11 | anon · wall_segment Stone Wall x1 |
| 34:11 | anon · wall_segment Stone Wall x1 |
| 34:11 | anon · wall_segment Stone Wall x1 |
| 34:11 | anon · wall_segment Stone Wall x1 |
| 34:11 | anon · wall_segment Stone Wall x1 |
| 34:11 | anon · wall_segment Stone Wall x1 |
| 34:11 | anon · wall_segment Stone Wall x1 |
| 34:12 | anon · wall_segment Stone Wall x1 |
| 34:12 | anon · wall_segment Stone Wall x1 |
| 34:12 | anon · wall_segment Stone Wall x1 |
| 34:12 | anon · wall_segment Stone Wall x1 |
| 34:12 | anon · wall_segment Stone Wall x1 |
| 34:12 | anon · wall_segment Stone Wall x1 |
| 34:12 | anon · wall_segment Stone Wall x1 |
| 34:12 | anon · wall_segment Stone Wall x1 |
| 34:12 | anon · wall_segment Stone Wall x1 |
| 34:12 | anon · wall_segment Stone Wall x1 |
| 34:12 | anon · wall_segment Stone Wall x1 |
| 34:12 | anon · wall_segment Stone Wall x2 |
| 34:12 | anon · wall_segment Stone Wall x1 |
| 34:12 | anon · wall_segment Stone Wall x1 |
| 34:12 | anon · wall_segment Stone Wall x1 |
| 34:12 | anon · wall_segment Stone Wall x1 |
| 34:12 | anon · wall_segment Stone Wall x1 |
| 34:12 | anon · wall_segment Stone Wall x1 |
| 34:12 | anon · wall_segment Stone Wall x1 |
| 34:12 | anon · wall_segment Stone Wall x1 |
| 34:12 | anon · wall_segment Stone Wall x1 |
| 34:12 | anon · wall_segment Stone Wall x1 |
| 34:12 | anon · wall_segment Stone Wall x1 |
| 34:12 | anon · wall_segment Stone Wall x1 |
| 34:12 | anon · wall_segment Stone Wall x1 |
| 34:12 | anon · wall_segment Stone Wall x1 |
| 34:12 | anon · wall_segment Stone Wall x1 |
| 34:12 | anon · wall_segment Stone Wall x1 |
| 34:12 | anon · wall_segment Stone Wall x1 |
| 34:12 | anon · wall_segment Stone Wall x1 |
| 34:12 | anon · wall_segment Stone Wall x1 |
| 34:13 | anon · wall_segment Stone Wall x1 |
| 34:13 | anon · wall_segment Stone Wall x1 |
| 34:13 | anon · wall_segment Stone Wall x1 |
| 34:13 | anon · wall_segment Stone Wall x1 |
| 34:13 | anon · wall_segment Stone Wall x1 |
| 34:13 | anon · wall_segment Stone Wall x1 |
| 34:13 | anon · wall_segment Stone Wall x1 |
| 34:13 | anon · wall_segment Stone Wall x1 |
| 34:13 | anon · wall_segment Stone Wall x1 |
| 34:13 | anon · wall_segment Stone Wall x1 |
| 34:13 | anon · wall_segment Stone Wall x1 |
| 34:13 | anon · wall_segment Stone Wall x1 |
| 34:13 | anon · wall_segment Stone Wall x1 |
| 34:13 | anon · wall_segment Stone Wall x1 |
| 34:13 | anon · wall_segment Stone Wall x1 |
| 34:13 | anon · wall_segment Stone Wall x1 |
| 34:13 | anon · wall_segment Stone Wall x1 |
| 34:14 | anon · wall_segment Stone Wall x1 |
| 34:15 | anon · wall_segment Stone Wall x1 |
| 34:15 | anon · wall_segment Stone Wall x1 |
| 34:15 | anon · wall_segment Stone Wall x1 |
| 34:15 | anon · wall_segment Stone Wall x1 |
| 34:15 | anon · wall_segment Stone Wall x1 |
| 34:15 | anon · wall_segment Stone Wall x1 |
| 34:15 | anon · wall_segment Stone Wall x1 |
| 34:15 | anon · wall_segment Stone Wall x1 |
| 34:15 | anon · wall_segment Stone Wall x1 |
| 34:15 | anon · wall_segment Stone Wall x1 |
| 34:15 | anon · wall_segment Stone Wall x1 |
| 34:15 | anon · wall_segment Stone Wall x1 |
| 34:15 | anon · wall_segment Stone Wall x1 |
| 34:15 | anon · wall_segment Stone Wall x1 |
| 34:15 | anon · wall_segment Stone Wall x1 |
| 34:15 | anon · wall_segment Stone Wall x1 |
| 34:15 | anon · wall_segment Stone Wall x1 |
| 34:15 | anon · wall_segment Stone Wall x1 |
| 34:15 | anon · wall_segment Stone Wall x1 |
| 34:15 | anon · wall_segment Stone Wall x1 |
| 34:15 | anon · wall_segment Stone Wall x1 |
| 34:15 | anon · wall_segment Stone Wall x1 |
| 34:15 | anon · wall_segment Stone Wall x1 |
| 34:15 | anon · wall_segment Stone Wall x1 |
| 34:15 | anon · wall_segment Stone Wall x1 |
| 34:15 | anon · wall_segment Stone Wall x1 |
| 34:15 | anon · wall_segment Stone Wall x1 |
| 34:15 | anon · wall_segment Stone Wall x1 |
| 34:16 | anon · wall_segment Stone Wall x1 |
| 34:16 | anon · wall_segment Stone Wall x1 |
| 34:16 | anon · wall_segment Stone Wall x1 |
| 34:16 | anon · wall_segment Stone Wall x1 |
| 34:16 | anon · wall_segment Stone Wall x1 |
| 34:16 | anon · wall_segment Stone Wall x1 |
| 34:16 | anon · wall_segment Stone Wall x1 |
| 34:16 | anon · wall_segment Stone Wall x1 |
| 34:16 | anon · wall_segment Stone Wall x1 |
| 34:16 | anon · wall_segment Stone Wall x1 |
| 34:16 | anon · wall_segment Stone Wall x1 |
| 34:16 | anon · wall_segment Stone Wall x1 |
| 34:16 | anon · wall_segment Stone Wall x1 |
| 34:16 | anon · wall_segment Stone Wall x1 |
| 34:16 | anon · wall_segment Stone Wall x1 |
| 34:16 | anon · wall_segment Stone Wall x2 |
| 34:16 | anon · wall_segment Stone Wall x1 |
| 34:16 | anon · wall_segment Stone Wall x1 |
| 34:16 | anon · wall_segment Stone Wall x1 |
| 34:16 | anon · wall_segment Stone Wall x1 |
| 34:16 | anon · wall_segment Stone Wall x1 |
| 34:16 | anon · wall_segment Stone Wall x1 |
| 34:16 | anon · wall_segment Stone Wall x1 |
| 34:16 | anon · wall_segment Stone Wall x1 |
| 34:16 | anon · wall_segment Stone Wall x1 |
| 34:16 | anon · wall_segment Stone Wall x1 |
| 34:16 | anon · wall_segment Stone Wall x1 |
| 34:16 | anon · wall_segment Stone Wall x1 |
| 34:16 | anon · wall_segment Stone Wall x1 |
| 34:16 | anon · wall_segment Stone Wall x1 |
| 34:16 | anon · wall_segment Stone Wall x1 |
| 34:16 | anon · wall_segment Stone Wall x1 |
| 34:17 | anon · wall_segment Stone Wall x1 |
| 34:17 | anon · wall_segment Stone Wall x1 |
| 34:17 | anon · wall_segment Stone Wall x1 |
| 34:17 | anon · wall_segment Stone Wall x1 |
| 34:17 | anon · wall_segment Stone Wall x1 |
| 34:17 | anon · wall_segment Stone Wall x1 |
| 34:17 | anon · wall_segment Stone Wall x1 |
| 34:17 | anon · wall_segment Stone Wall x1 |
| 34:17 | anon · wall_segment Stone Wall x1 |
| 34:17 | anon · wall_segment Stone Wall x1 |
| 34:17 | anon · wall_segment Stone Wall x1 |
| 34:17 | anon · wall_segment Stone Wall x1 |
| 34:17 | anon · wall_segment Stone Wall x1 |
| 34:17 | anon · wall_segment Stone Wall x2 |
| 34:17 | anon · wall_segment Stone Wall x1 |
| 34:17 | anon · wall_segment Stone Wall x1 |
| 34:17 | anon · wall_segment Stone Wall x1 |
| 34:17 | anon · wall_segment Stone Wall x1 |
| 34:17 | anon · wall_segment Stone Wall x1 |
| 34:17 | anon · wall_segment Stone Wall x1 |
| 34:17 | anon · wall_segment Stone Wall x1 |
| 34:17 | anon · wall_segment Stone Wall x1 |
| 34:18 | anon · wall_segment Stone Wall x1 |
| 34:18 | anon · wall_segment Stone Wall x1 |
| 34:18 | anon · wall_segment Stone Wall x1 |
| 34:18 | anon · wall_segment Stone Wall x1 |
| 34:18 | anon · wall_segment Stone Wall x1 |
| 34:18 | anon · wall_segment Stone Wall x1 |
| 34:18 | anon · wall_segment Stone Wall x1 |
| 34:18 | anon · wall_segment Stone Wall x1 |
| 34:18 | anon · wall_segment Stone Wall x1 |
| 34:18 | anon · wall_segment Stone Wall x1 |
| 34:18 | anon · wall_segment Stone Wall x1 |
| 34:18 | anon · wall_segment Stone Wall x1 |
| 34:18 | anon · wall_segment Stone Wall x1 |
| 34:18 | anon · wall_segment Stone Wall x1 |
| 34:18 | anon · wall_segment Stone Wall x2 |
| 34:18 | anon · wall_segment Stone Wall x1 |
| 34:18 | anon · wall_segment Stone Wall x1 |
| 34:18 | anon · wall_segment Stone Wall x1 |
| 34:18 | anon · wall_segment Stone Wall x1 |
| 34:18 | anon · wall_segment Stone Wall x1 |
| 34:18 | anon · wall_segment Stone Wall x1 |
| 34:18 | anon · wall_segment Stone Wall x1 |
| 34:18 | anon · wall_segment Stone Wall x1 |
| 34:18 | anon · wall_segment Stone Wall x1 |
| 34:18 | anon · wall_segment Stone Wall x1 |
| 34:18 | anon · wall_segment Stone Wall x1 |
| 34:18 | anon · wall_segment Stone Wall x1 |
| 34:18 | anon · wall_segment Stone Wall x1 |
| 34:18 | anon · wall_segment Stone Wall x1 |
| 34:18 | anon · wall_segment Stone Wall x1 |
| 34:18 | anon · wall_segment Stone Wall x1 |
| 34:18 | anon · wall_segment Stone Wall x1 |
| 34:18 | anon · wall_segment Stone Wall x1 |
| 34:19 | anon · wall_segment Stone Wall x1 |
| 34:19 | anon · wall_segment Stone Wall x1 |
| 34:19 | anon · wall_segment Stone Wall x1 |
| 34:19 | anon · wall_segment Stone Wall x2 |
| 34:19 | anon · wall_segment Stone Wall x1 |
| 34:19 | anon · wall_segment Stone Wall x1 |
| 34:19 | anon · wall_segment Stone Wall x1 |
| 34:19 | anon · wall_segment Stone Wall x1 |
| 34:19 | anon · wall_segment Stone Wall x1 |
| 34:19 | anon · wall_segment Stone Wall x1 |
| 34:19 | anon · wall_segment Stone Wall x1 |
| 34:19 | anon · wall_segment Stone Wall x1 |
| 34:19 | anon · wall_segment Stone Wall x1 |
| 34:19 | anon · wall_segment Stone Wall x1 |
| 34:19 | anon · wall_segment Stone Wall x1 |
| 34:19 | anon · wall_segment Stone Wall x1 |
| 34:19 | anon · wall_segment Stone Wall x1 |
| 34:19 | anon · wall_segment Stone Wall x1 |
| 34:19 | anon · wall_segment Stone Wall x1 |
| 34:19 | anon · wall_segment Stone Wall x1 |
| 34:19 | anon · wall_segment Stone Wall x1 |
| 34:19 | anon · wall_segment Stone Wall x1 |
| 34:19 | anon · wall_segment Stone Wall x1 |
| 34:19 | anon · wall_segment Stone Wall x1 |
| 34:19 | anon · wall_segment Stone Wall x2 |
| 34:19 | anon · wall_segment Stone Wall x1 |
| 34:19 | anon · wall_segment Stone Wall x1 |
| 34:19 | anon · wall_segment Stone Wall x1 |
| 34:19 | anon · wall_segment Stone Wall x1 |
| 34:19 | anon · wall_segment Stone Wall x1 |
| 34:20 | anon · wall_segment Stone Wall x1 |
| 34:20 | anon · wall_segment Stone Wall x1 |
| 34:20 | anon · wall_segment Stone Wall x1 |
| 34:20 | anon · wall_segment Stone Wall x1 |
| 34:20 | anon · wall_segment Stone Wall x1 |
| 34:20 | anon · wall_segment Stone Wall x1 |
| 34:20 | anon · wall_segment Stone Wall x1 |
| 34:20 | anon · wall_segment Stone Wall x1 |
| 34:20 | anon · wall_segment Stone Wall x1 |
| 34:20 | anon · wall_segment Stone Wall x1 |
| 34:20 | anon · wall_segment Stone Wall x1 |
| 34:20 | anon · wall_segment Stone Wall x1 |
| 34:20 | anon · wall_segment Stone Wall x1 |
| 34:20 | anon · wall_segment Stone Wall x1 |
| 34:20 | anon · wall_segment Stone Wall x1 |
| 34:20 | anon · wall_segment Stone Wall x1 |
| 34:20 | anon · wall_segment Stone Wall x1 |
| 34:20 | anon · wall_segment Stone Wall x1 |
| 34:20 | anon · wall_segment Stone Wall x1 |
| 34:20 | anon · wall_segment Stone Wall x1 |
| 34:20 | anon · wall_segment Stone Wall x1 |
| 34:20 | anon · wall_segment Stone Wall x2 |
| 34:20 | anon · wall_segment Stone Wall x1 |
| 34:20 | anon · wall_segment Stone Wall x1 |
| 34:20 | anon · wall_segment Stone Wall x1 |
| 34:20 | anon · wall_segment Stone Wall x1 |
| 34:20 | anon · wall_segment Stone Wall x1 |
| 34:20 | anon · wall_segment Stone Wall x1 |
| 34:20 | anon · wall_segment Stone Wall x1 |
| 34:20 | anon · wall_segment Stone Wall x1 |
| 34:20 | anon · wall_segment Stone Wall x1 |
| 34:21 | anon · wall_segment Stone Wall x1 |
| 34:21 | anon · wall_segment Stone Wall x1 |
| 34:21 | anon · wall_segment Stone Wall x1 |
| 34:21 | anon · wall_segment Stone Wall x1 |
| 34:21 | anon · wall_segment Stone Wall x1 |
| 34:21 | anon · wall_segment Stone Wall x1 |
| 34:21 | anon · wall_segment Stone Wall x1 |
| 34:21 | anon · wall_segment Stone Wall x2 |
| 34:21 | anon · wall_segment Stone Wall x1 |
| 34:21 | anon · wall_segment Stone Wall x1 |
| 34:21 | anon · wall_segment Stone Wall x1 |
| 34:21 | anon · wall_segment Stone Wall x1 |
| 34:21 | anon · wall_segment Stone Wall x1 |
| 34:21 | anon · wall_segment Stone Wall x1 |
| 34:21 | anon · wall_segment Stone Wall x1 |
| 34:21 | anon · wall_segment Stone Wall x1 |
| 34:21 | anon · wall_segment Stone Wall x1 |
| 34:21 | anon · wall_segment Stone Wall x1 |
| 34:21 | anon · wall_segment Stone Wall x1 |
| 34:21 | anon · wall_segment Stone Wall x1 |
| 34:21 | anon · wall_segment Stone Wall x1 |
| 34:21 | anon · wall_segment Stone Wall x1 |
| 34:21 | anon · wall_segment Stone Wall x1 |
| 34:21 | anon · wall_segment Stone Wall x1 |
| 34:21 | anon · wall_segment Stone Wall x1 |
| 34:21 | anon · wall_segment Stone Wall x1 |
| 34:21 | anon · wall_segment Stone Wall x1 |
| 34:21 | anon · wall_segment Stone Wall x2 |
| 34:21 | anon · wall_segment Stone Wall x1 |
| 34:21 | anon · wall_segment Stone Wall x1 |
| 34:21 | anon · wall_segment Stone Wall x1 |
| 34:22 | anon · wall_segment Stone Wall x1 |
| 34:22 | anon · wall_segment Stone Wall x1 |
| 34:22 | anon · wall_segment Stone Wall x1 |
| 34:22 | anon · wall_segment Stone Wall x1 |
| 34:22 | anon · wall_segment Stone Wall x1 |
| 34:22 | anon · wall_segment Stone Wall x1 |
| 34:22 | anon · wall_segment Stone Wall x1 |
| 34:22 | anon · wall_segment Stone Wall x1 |
| 34:22 | anon · wall_segment Stone Wall x1 |
| 34:22 | anon · wall_segment Stone Wall x1 |
| 34:22 | anon · wall_segment Stone Wall x1 |
| 34:22 | anon · wall_segment Stone Wall x1 |
| 34:22 | anon · wall_segment Stone Wall x1 |
| 34:22 | anon · wall_segment Stone Wall x1 |
| 34:22 | anon · wall_segment Stone Wall x1 |
| 34:22 | anon · wall_segment Stone Wall x1 |
| 34:22 | anon · wall_segment Stone Wall x1 |
| 34:22 | anon · wall_segment Stone Wall x1 |
| 34:22 | anon · wall_segment Stone Wall x1 |
| 34:22 | anon · wall_segment Stone Wall x1 |
| 34:22 | anon · wall_segment Stone Wall x1 |
| 34:22 | anon · wall_segment Stone Wall x1 |
| 34:22 | anon · wall_segment Stone Wall x1 |
| 34:22 | anon · wall_segment Stone Wall x1 |
| 34:22 | anon · wall_segment Stone Wall x1 |
| 34:22 | anon · wall_segment Stone Wall x1 |
| 34:22 | anon · wall_segment Stone Wall x1 |
| 34:22 | anon · wall_segment Stone Wall x1 |
| 34:22 | anon · wall_segment Stone Wall x1 |
| 34:22 | anon · wall_segment Stone Wall x1 |
| 34:23 | anon · wall_segment Stone Wall x1 |
| 34:23 | anon · wall_segment Stone Wall x1 |
| 34:23 | anon · wall_segment Stone Wall x1 |
| 34:23 | anon · wall_segment Stone Wall x1 |
| 34:23 | anon · wall_segment Stone Wall x1 |
| 34:23 | anon · wall_segment Stone Wall x1 |
| 34:23 | anon · wall_segment Stone Wall x1 |
| 34:23 | anon · wall_segment Stone Wall x1 |
| 34:23 | anon · wall_segment Stone Wall x1 |
| 34:23 | anon · wall_segment Stone Wall x1 |
| 34:23 | anon · wall_segment Stone Wall x1 |
| 34:23 | anon · wall_segment Stone Wall x1 |
| 34:23 | anon · wall_segment Stone Wall x1 |
| 34:23 | anon · wall_segment Stone Wall x1 |
| 34:23 | anon · wall_segment Stone Wall x1 |
| 34:23 | anon · wall_segment Stone Wall x1 |
| 34:23 | anon · wall_segment Stone Wall x1 |
| 34:23 | anon · wall_segment Stone Wall x1 |
| 34:23 | anon · wall_segment Stone Wall x1 |
| 34:23 | anon · wall_segment Stone Wall x1 |
| 34:23 | anon · wall_segment Stone Wall x1 |
| 34:23 | anon · wall_segment Stone Wall x1 |
| 34:23 | anon · wall_segment Stone Wall x1 |
| 34:23 | anon · wall_segment Stone Wall x1 |
| 34:23 | anon · wall_segment Stone Wall x1 |
| 34:23 | anon · wall_segment Stone Wall x1 |
| 34:23 | anon · wall_segment Stone Wall x1 |
| 34:23 | anon · wall_segment Stone Wall x1 |
| 34:23 | anon · wall_segment Stone Wall x1 |
| 34:23 | anon · wall_segment Stone Wall x1 |
| 34:23 | anon · wall_segment Stone Wall x1 |
| 34:24 | anon · wall_segment Stone Wall x1 |
| 34:24 | anon · wall_segment Stone Wall x1 |
| 34:24 | anon · wall_segment Stone Wall x1 |
| 34:24 | anon · wall_segment Stone Wall x1 |
| 34:24 | anon · wall_segment Stone Wall x1 |
| 34:24 | anon · wall_segment Stone Wall x1 |
| 34:24 | anon · wall_segment Stone Wall x1 |
| 34:24 | anon · wall_segment Stone Wall x2 |
| 34:24 | anon · wall_segment Stone Wall x1 |
| 34:24 | anon · wall_segment Stone Wall x1 |
| 34:24 | anon · wall_segment Stone Wall x1 |
| 34:24 | anon · wall_segment Stone Wall x1 |
| 34:24 | anon · wall_segment Stone Wall x1 |
| 34:24 | anon · wall_segment Stone Wall x1 |
| 34:24 | anon · wall_segment Stone Wall x1 |
| 34:24 | anon · wall_segment Stone Wall x1 |
| 34:24 | anon · wall_segment Stone Wall x1 |
| 34:24 | anon · wall_segment Stone Wall x1 |
| 34:24 | anon · wall_segment Stone Wall x1 |
| 34:24 | anon · wall_segment Stone Wall x1 |
| 34:24 | anon · wall_segment Stone Wall x1 |
| 34:24 | anon · wall_segment Stone Wall x1 |
| 34:24 | anon · wall_segment Stone Wall x1 |
| 34:24 | anon · wall_segment Stone Wall x1 |
| 34:24 | anon · wall_segment Stone Wall x2 |
| 34:25 | anon · wall_segment Stone Wall x1 |
| 34:25 | anon · wall_segment Stone Wall x1 |
| 34:25 | anon · wall_segment Stone Wall x1 |
| 34:25 | anon · wall_segment Stone Wall x1 |
| 34:25 | anon · wall_segment Stone Wall x1 |
| 34:25 | anon · wall_segment Stone Wall x1 |
| 34:25 | anon · wall_segment Stone Wall x1 |
| 34:25 | anon · wall_segment Stone Wall x1 |
| 34:25 | anon · wall_segment Stone Wall x1 |
| 34:25 | anon · wall_segment Stone Wall x1 |
| 34:25 | anon · wall_segment Stone Wall x1 |
| 34:25 | anon · wall_segment Stone Wall x1 |
| 34:25 | anon · wall_segment Stone Wall x1 |
| 34:25 | anon · wall_segment Stone Wall x1 |
| 34:25 | anon · wall_segment Stone Wall x1 |
| 34:25 | anon · wall_segment Stone Wall x1 |
| 34:25 | anon · wall_segment Stone Wall x1 |
| 34:25 | anon · wall_segment Stone Wall x1 |
| 34:25 | anon · wall_segment Stone Wall x1 |
| 34:25 | anon · wall_segment Stone Wall x1 |
| 34:25 | anon · wall_segment Stone Wall x1 |
| 34:25 | anon · wall_segment Stone Wall x1 |
| 34:25 | anon · wall_segment Stone Wall x1 |
| 34:25 | anon · wall_segment Stone Wall x1 |
| 34:25 | anon · wall_segment Stone Wall x1 |
| 34:25 | anon · wall_segment Stone Wall x1 |
| 34:25 | anon · wall_segment Stone Wall x1 |
| 34:25 | anon · wall_segment Stone Wall x1 |
| 34:25 | anon · wall_segment Stone Wall x1 |
| 34:25 | anon · wall_segment Stone Wall x1 |
| 34:26 | anon · wall_segment Stone Wall x1 |
| 34:26 | anon · wall_segment Stone Wall x1 |
| 34:31 | anon · wall_segment Stone Wall x1 |
| 34:32 | anon · wall_segment Stone Wall x1 |
| 34:33 | anon · wall_segment Stone Wall x1 |
| 34:33 | anon · wall_segment Stone Wall x1 |
| 34:34 | anon · wall_segment Stone Wall x1 |
| 34:35 | anon · wall_segment Stone Wall x1 |
| 34:35 | anon · wall_segment Stone Wall x1 |
| 34:36 | anon · wall_segment Stone Wall x1 |
| 34:37 | anon · wall_segment Stone Wall x1 |
| 34:38 | anon · wall_segment Stone Wall x1 |
| 34:38 | anon · wall_segment Stone Wall x1 |
| 34:39 | anon · wall_segment Stone Wall x1 |
| 34:40 | Jamez OP · resign |
| 34:40 | anon · wall_segment Stone Wall x1 |
| 34:41 | anon · wall_segment Stone Wall x1 |
| 34:42 | anon · wall_segment Stone Wall x1 |
| 34:44 | anon · wall_segment Stone Wall x1 |
| 34:45 | anon · wall_segment Stone Wall x1 |
| 34:46 | anon · wall_segment Stone Wall x1 |
| 34:47 | anon · wall_segment Stone Wall x1 |
| 34:47 | anon · wall_segment Stone Wall x1 |
| 34:48 | anon · wall_segment Stone Wall x1 |
| 34:49 | anon · wall_segment Stone Wall x1 |
| 34:49 | anon · wall_segment Stone Wall x1 |
| 35:40 | yabin.belrojo · age_up imperial |
| 36:01 | TOBOT2000 · first_building Castle |
| 36:29 | l3141516 · first_building Castle |
| 36:43 | yabin.belrojo · first_building Archery Range |
| 37:31 | anon · first_building Castle |
| 38:19 | MikeSchneider18 · first_building Castle |
| 38:56 | anon · first_building Siege Workshop |
| 39:28 | anon · age_up imperial |
| 41:30 | TOBOT2000 · wall_segment Stone Wall x5 |
| 42:00 | l3141516 · age_up imperial |
| 42:31 | pepebravo99 · first_building Archery Range |
| 46:27 | anon · first_market_sell 100 food |
| 46:50 | TOBOT2000 · first_building Siege Workshop |
| 47:28 | anon · first_market_buy 100 wood |
| 52:18 | TOBOT2000 · first_building Donjon |
[ AI ANALYSIS · 1 CREDIT ]
What really happened in this match?
Wolo.gg analyzes every decision: build order, eco, micro, common mistakes by bracket. Personalized analysis on WhatsApp or Discord in 30 seconds.
Civ guide
Dravidians
Perfil
Jugador #12553425